AoeStats
← aykc

Black Forest

509903764Analyzed
4v4 RM · 5d ago on Sep 28, 2026· 27m 54s· 8 players
Game mode
Random Map
Map size
Large (8 player)
Population
200
Speed
Normal
Resources
Standard
Victory
Conquest
Starting age
Dark Age
Ending age
Imperial Age
RankedLock teamsTeams togetherTeam positionsShared explorationLock speedFull tech treeHidden civsTurbo modeCheats
Victory
Defeat
🇭🇰 Celts · Hong Kong SAR China
1293
+14
🇭🇰 Khmer · Hong Kong SAR China
1274
+15
🇭🇰 Varangians · Hong Kong SAR China
1238
+16
🇭🇰 Tatars · Hong Kong SAR China
1219
+17
🇪🇸 Tupi · Spain
1325
-19
🇨🇳 Persians · China
1266
-16
🇮🇶 Britons · Iraq
1237
-15
🇮🇳 Celts · India
1165
-12
tlftommy
0:50 Loom
11:20 Feudal Age
13:16 Double-Bit Axe
16:03 Castle Age
14:44 Gold Mining
15:26 Horse Collar
17:38 Bow Saw
26:33 Wheelbarrow
26:41 Gold Shaft Mining
26:11 Heavy Plow
30:43 Imperial Age
28:40 Hand Cart
pong0109
6:29 Loom
12:19 Feudal Age
16:41 Castle Age
14:48 Double-Bit Axe
14:48 Horse Collar
16:21 Scale Barding Armor
16:28 Forging
16:15 Gold Mining
23:33 Husbandry
23:48 Bloodlines
24:51 Bow Saw
cnyang
1:04 Loom
12:16 Feudal Age
15:59 Wheelbarrow
15:18 Double-Bit Axe
18:31 Castle Age
19:08 Town Watch
19:59 Wheelbarrow
19:45 Bow Saw
22:40 Horse Collar
aykc
5:34 Loom
11:31 Feudal Age
15:20 Castle Age
13:38 Double-Bit Axe
15:28 Gold Mining
16:16 Bow Saw
19:42 Padded Archer Armor
20:47 Fletching
21:41 Bodkin Arrow
25:29 Bloodlines
27:52 Wheelbarrow
27:19 Husbandry
Mike_Tango
0:47 Loom
11:25 Feudal Age
15:45 Castle Age
15:27 Double-Bit Axe
16:21 Stone Mining
16:30 Horse Collar
19:14 Fletching
ahmady sulaymani
0:58 Loom
15:10 Feudal Age
17:21 Double-Bit Axe
20:05 Castle Age
21:57 Bow Saw
一梦千年
10:03 Feudal Age
11:41 Double-Bit Axe
14:32 Castle Age
16:01 Bow Saw
15:33 Horse Collar
22:11 Heavy Plow
26:00 Wheelbarrow
AztecKiller2427
9:28 Loom
13:12 Feudal Age
14:17 Double-Bit Axe
17:58 Castle Age
17:05 Horse Collar
19:06 Bow Saw
18:43 Fishing Lines
21:19 Gillnets
Connection lost

Rejoining the realm…

Still unreachable

The connection could not be restored.

Session expired

The server has moved on; the page needs a fresh start.